 Dungeon Crawl Stone Soup version 0.25-a0-285-gcba6f664f8 (webtiles) character file.

Game seed: 8150277021738717479, levelgen mode: deterministic

254 toffzen the Shield-Bearer (level 6, 0/38 HPs)
             Began as a Gargoyle Fighter on Dec 11, 2019.
             Slain by an ogre
             ... wielding a +0 giant club
              (15 damage)
             ... on level 3 of the Dungeon.
             The game lasted 00:06:31 (2841 turns).

toffzen the Shield-Bearer (Gargoyle Fighter)        Turns: 2841, Time: 00:06:32

Health: 0/38       AC: 17    Str: 20    XL:     6   Next: 14%
Magic:  6/6        EV:  4    Int:  8    God:
Gold:   233        SH:  0    Dex: 11    Spells: 5/5 levels left

rFire    . . .     SeeInvis .   a - +0 flail
rCold    . . .     Gourm    .   c - +0 shield
rNeg     + . .     Faith    .   r - +0 plate armour
rPois    ∞         Spirit   .   (no helmet)
rElec    +         Reflect  .   z - +0 cloak
rCorr    .         Harm     .   (no gloves)
MR       .....                  (no boots)
Stlth    ..........             (no amulet)
HPRegen  0.12/turn              (no ring)
MPRegen  0.10/turn              (no ring)

@: confused
A: negative energy resistance 1, electricity resistance, unbreathing,
petrification resistance, rot immunity, AC +4
a: no special abilities


You were on level 3 of the Dungeon.
You were not hungry.

You visited 1 branch of the dungeon, and saw 4 of its levels.

You collected 233 gold pieces.

Inventory:

Hand Weapons
 a - a +0 flail (weapon)
 o - a +1 hunting sling of flaming
 q - a +0 club
Missiles
 h - 147 stones (quivered)
 v - 13 sling bullets
Armour
 b - a +0 scale mail
 c - a +0 shield (worn)
 r - a +0 plate armour (worn)
 z - a +0 cloak (worn)
Wands
 p - a wand of paralysis (7)
 y - a wand of digging (9)
Scrolls
 e - a scroll of identify
 i - 2 scrolls of remove curse {unknown}
 j - 4 scrolls of teleportation
 k - a scroll of blinking {unknown}
 l - a scroll of fog {unknown}
 m - a scroll of noise {unknown}
 n - 2 scrolls of magic mapping {unknown}
 t - a scroll of immolation {unknown}
 B - a scroll of random uselessness {unknown}
Potions
 d - 3 potions of might
 s - a potion of magic {unknown}
 u - a potion of degeneration {unknown}
 x - a potion of curing {unknown}
 A - 2 potions of mutation {unknown}
Comestibles
 f - 5 rations
 w - 6 chunks of flesh


   Skills:
 + Level 4.3 Fighting
 * Level 4.1 Maces & Flails
 + Level 4.3 Armour
 + Level 0.8 Dodging
 + Level 4.3 Shields


You had 5 spell levels left.
You didn't know any spells.
Your spell library was empty.

Dungeon Overview and Level Annotations

Branches:
Dungeon (4/15)
 Temple: D:4-7

Altars:
Ru
Xom

Annotations:
D:3 3 runed translucent doors, grouchysmurf's ghost, amateur HOSk


Innate Abilities, Weirdness & Mutations

You are resistant to torment.
Your stone body is resilient. (AC +4)
You are immune to poison.
You resist negative energy. (rN+)
You are resistant to electric shocks. (rElec)
You can survive without breathing.
You are immune to petrification.
You are immune to rotting.


Message History

You are more confused.
The orc hits you but does no damage. The ogre hits you with a +0 giant club.
Something hits you but does no damage.
You bump into the rock wall.
You hear some strange, mumbled words.
A magic dart appears from out of thin air!
The magic dart hits you but does no damage.
The orc hits you but does no damage. Something hits you but does no damage.
You're too confused to move!
Something hits you but does no damage. The ogre hits you with a +0 giant club!
The orc hits you but does no damage. Something hits you.
You hit the orc.
The orc is almost dead.
Something hits you but does no damage. The ogre barely misses you.
The orc hits you but does no damage.
Something hits you but does no damage. x2
The orc hits you but does no damage.
Something hits you but does no damage. x2
Your shield and plate armour prevent you from hitting the ogre.
The ogre is almost dead.
The ogre hits you with a +0 giant club!
You die...

..##...............##.#
..##...............##.#
..##...............##.#
..##...............##.#
..##........###..#.##.#
............# ##.#....#
............# #.################
.......#########Oo...............
.....#.##......{@{...############
.....#...............#
...#.#..#............#
.....................#
...#............##.#'####
...####....##...........#
........#####...........#
..#....#........<.......#
........................#


You could see an ogre and an orc.

Vanquished Creatures
  A crimson imp (D:3)
  A worker ant (D:3)
  8 adders
  4 oozes
  3 worms
  2 dart slugs (D:1)
  A leopard gecko (D:3)
  6 orcs
  6 bats
  7 giant cockroaches
  14 goblins
  13 hobgoblins
  3 jackals (D:3)
  6 kobolds
  A quokka (D:2)
  3 frilled lizards (D:2)
  7 rats
86 creatures vanquished.

Notes
Turn   | Place    | Note
-------+----------+-------------------------------------------
     0 | D:1      | toffzen the Gargoyle Fighter began the quest for the Orb.
     0 | D:1      | Reached XP level 1. HP: 14/14 MP: 1/1
   120 | D:1      | Reached XP level 2. HP: 15/19 MP: 2/2
   273 | D:1      | Reached XP level 3. HP: 23/23 MP: 3/3
   954 | D:2      | Reached XP level 4. HP: 29/29 MP: 4/4
  1663 | D:2      | Reached XP level 5. HP: 25/33 MP: 5/5
  1770 | D:2      | Found a shimmering altar of Xom.
  2332 | D:3      | Found a sacrificial altar of Ru.
  2399 | D:3      | Found a runed translucent gate.
  2399 | D:3      | Found a runed translucent gate.
  2399 | D:3      | Found a runed translucent gate.
  2414 | D:3      | Noticed grouchysmurf's ghost (amateur HOSk)
  2781 | D:3      | Reached XP level 6. HP: 38/38 MP: 6/6
  2841 | D:3      | Slain by an ogre

Levels and vault maps discovered:
D:1:      minmay_arrival_solitary_statue, layout_loops_cross
D:2:      layout_basic, overflow_temple_1_default, first_ration,
          guppyfry_early_orc_mine
D:3:      layout_basic, nicolae_ru_awakened_eye, ebering_ghost_rock_garden,
          chequers_decorated_corner
D:4:      layout_rooms, chequers_temple_overflow_statue_of_worship,
          tgw_kikubaaqudgha

Skill      XL: |  1  2  3  4  5 |
---------------+----------------+-----
Maces & Flails | 3 4 |  4.1
Fighting       | 4 |  4.3
Armour         | 4 |  4.3
Shields        | 4 |  4.3
Dodging        | |  0.8

Action                   |  1- 3 |  4- 6 || total
-------------------------+-------+-------++-------
Melee: Flail             |   100 |   253 ||   353
  Use: Scroll            |     1 |     1 ||     2
       Potion            |       |     2 ||     2
  Eat: Chunk             |       |     7 ||     7
Armor: Scale mail        |    55 |    33 ||    88
       Plate armour      |       |   200 ||   200
Dodge: Dodged            |    29 |    62 ||    91
Block: Shield            |    52 |   136 ||   188

Table legend:
 A = Non-vault XP
 B = Vault XP
 C = Vault XP percentage of total XP
 D = Non-vault monster count
 E = Vault monster count
 F = Vault count percentage of total count
                 A         B        C        D         E       F
            +---------+---------+-------+---------+---------+-------
      Total |     347 |      16 |   4.4 |      79 |       7 |   8.1
            +---------+---------+-------+---------+---------+-------
        D:1 |      51 |       0 |   0.0 |      20 |       0 |   0.0
        D:2 |     108 |      16 |  12.9 |      26 |       7 |  21.2
        D:3 |     188 |       0 |   0.0 |      33 |       0 |   0.0
            +---------+---------+-------+---------+---------+-------
